[Event "Team 45 45 League T36"]
[Site "Internet Chess Club"]
[Date "2008.02.22"]
[Round "5"]
[White "JimGaming"]
[Black "otib2006"]
[Result "1-0"]
[WhiteElo "1265"]
[BlackElo "1272"]
[Opening "Sicilian: closed"]
[ECO "B23"]
[Time "14:02:59"]
[TimeControl "2700+45"]

1. e4 c5 2. Nc3 d6 3. f4 g6 4. Nf3 a6 5. Bc4 Nf6 6. h3 Bg7 7. d3 O-O 8. Be3 e6
9. Qd2 b6 10. a3 Nc6 11. O-O-O b5 12. Ba2 b4 13. axb4 cxb4 14. Ne2 a5 15. Bc4 a4
16. Bb5 Ne7 17. Qxb4 Ba6 18. Bxa4 Rb8 19. Qa3 Nxe4 20. Bb3 Nd5 21. Bg1 Nc5 22.
Nfd4 Bxd4 23. Nxd4 Nxb3+ 24. Nxb3 Nxf4 25. Rd2 Rc8 26. Qxa6 Qg5 27. g4 Nd5 28.
Rh2 Nb4 29. Qxd6 Rxc2+ 30. Kd1 Rc6 31. Qxb4 f5 32. Nd4 Rcc8 33. Nxe6 Rb8 34.
Qxf8+ Rxf8 35. Nxg5 Ra8 36. Ke2 Re8+ 37. Kf3 Re1 38. Bf2 Ra1 39. gxf5 gxf5 40.
Rg2 Ra5 41. b4 Re5 42. Bc5 Kh8 43. Bd4 Kg8 44. Bxe5 Kf8 45. Nxh7+ Ke7 46. Kf4
Ke6 47. d4 Kd5 48. Rc2 Ke6 49. Rc6+ Kf7 50. d5 Ke8 51. b5 Kd7 52. b6 Ke7 53. b7
Kd7 54. Rg7+ Kd8 55. b8=Q# {Black checkmated} 1-0

[Event "Team 45 45 League T36"]
[Site "Internet Chess Club"]
[Date "2008.02.22"]
[Round "5"]
[White "gilalva"]
[Black "Gomer"]
[Result "0-1"]
[WhiteElo "1068"]
[BlackElo "1183"]
[Opening "KGA: Abbazia defense (classical defense, modern defense[!])"]
[ECO "C36"]
[Time "14:02:30"]
[TimeControl "2700+45"]

1. e4 e5 2. f4 exf4 3. Nf3 d5 4. e5 Nc6 5. d4 Bf5 6. Bxf4 Nb4 7. Bd3 Nxd3+ 8.
cxd3 f6 9. O-O Qd7 10. e6 Qc6 11. Nh4 Bxe6 12. Re1 O-O-O 13. Qb3 g5 14. Bxc7
Kxc7 15. Nd2 Kb8 16. Rac1 Qd7 17. Nhf3 Bh6 18. Rc5 g4 19. Rb5 Bf7 20. Ne5 Qc7
21. Nxf7 Qxf7 22. Nb1 Bf4 23. Rf1 Be3+ 24. Kh1 Bxd4 25. Na3 Re8 26. Nc2 Bb6 27.
d4 Ne7 28. Ne3 Rd8 29. a4 Nc6 30. Nxd5 Nxd4 31. Qg3+ Ka8 32. Nxb6+ axb6 33. Rxb6
Qc4 34. Qf4 Rhe8 35. b3 Qe2 36. Rxf6 Ne6 37. Qf5 Rd1 38. Qa5+ Kb8 39. Rf5 Rxf1+
40. Rxf1 Qxf1# {White checkmated} 0-1

[Event "Team 45 45 League T36"]
[Site "Internet Chess Club"]
[Date "2008.02.24"]
[Round "5"]
[White "BadHabitMarco"]
[Black "killer21"]
[Result "0-1"]
[WhiteElo "2022"]
[BlackElo "2262"]
[Opening "Sicilian: Najdorf, 7.f4"]
[ECO "B96"]
[Time "12:01:00"]
[TimeControl "2700+45"]

1. e4 c5 2. Nf3 d6 3. d4 cxd4 4. Nxd4 Nf6 5. Nc3 a6 6. Bg5 e6 7. f4 Qc7 8. Qf3
b5 9. O-O-O Bb7 10. Qh3 Be7 11. Bd3 b4 12. Nce2 Nxe4 13. Ng3 Nf2 14. Nxe6 fxe6
15. Qxe6 Qd7 16. Qe2 Nxd1 17. Nf5 Nc6 18. Nxg7+ Kd8 19. Bf5 Nd4 20. Qc4 Nxf5 21.
Ne6+ Ke8 22. Nc7+ Kf8 23. Ne6+ Kg8 24. Rxd1 d5 25. Qe2 Bxg5 26. Nxg5 Re8 27. Qg4
h5 28. Qh3 Re3 29. Nf3 d4 30. Rd3 Bxf3 31. gxf3 Rxd3 32. cxd3 Qc7+ 33. Kb1 Qxf4
34. Qg2+ Kf7 35. Qc2 Re8 36. Qc4+ Re6 37. Qxb4 Qxf3 {White resigns} 0-1

[Event "Team 45 45 League T36"]
[Site "Internet Chess Club"]
[Date "2008.02.24"]
[Round "5"]
[White "Terte"]
[Black "J37c"]
[Result "1-0"]
[WhiteElo "2163"]
[BlackElo "1927"]
[Opening "Sicilian: Alapin's variation (2.c3)"]
[ECO "B22"]
[Time "09:57:52"]
[TimeControl "2700+45"]

1. e4 c5 2. c3 d5 3. exd5 Qxd5 4. d4 Nf6 5. Nf3 e6 6. Na3 Be7 7. Be3 cxd4 8. Nb5
Qd8 9. Nbxd4 O-O 10. Bd3 b6 11. Qc2 Bb7 12. O-O-O Nbd7 13. Ng5 h6 14. Ngxe6 fxe6
15. Nxe6 Qc8 16. Nxf8 Qxf8 17. Bf5 Rd8 18. f3 Bd5 19. Rxd5 Nxd5 20. Be6+ Kh8 21.
Bxd5 {Black resigns} 1-0

[Event "Team 45 45 League T36"]
[Site "Internet Chess Club"]
[Date "2008.02.27"]
[Round "5"]
[White "dalfonso"]
[Black "primerpaso"]
[Result "0-1"]
[WhiteElo "1863"]
[BlackElo "1887"]
[Opening "Sicilian: Najdorf, Byrne (English) attack"]
[ECO "B90"]
[Time "19:31:08"]
[TimeControl "2700+45"]

1. e4 c5 2. Nf3 d6 3. d4 cxd4 4. Nxd4 Nf6 5. Nc3 a6 6. Be3 e5 7. Nb3 Be6 8. Qd2
Nbd7 9. O-O-O Qc7 10. f4 b5 11. f5 Bc4 12. h3 Nb6 13. Na5 Bxf1 14. Rhxf1 b4 15.
Ne2 d5 16. exd5 Nbxd5 17. Nb3 a5 18. Kb1 Rc8 19. Bg5 Be7 20. Bxf6 Nxf6 21. g4 a4
22. Nbc1 O-O 23. Ng3 Rfd8 24. Qe2 Nd5 25. Qe4 a3 26. Nge2 Ne3 27. Rxd8+ Bxd8 28.
Rf3 Nxc2 29. Rd3 Nd4 30. Rd2 Bg5 {White resigns} 0-1

[Event "Team 45 45 League T36"]
[Site "Internet Chess Club"]
[Date "2008.02.24"]
[Round "5"]
[White "cityprosecutor"]
[Black "Karpyan"]
[Result "0-1"]
[WhiteElo "1760"]
[BlackElo "1850"]
[Opening "French: King's Indian attack"]
[ECO "C00"]
[Time "09:08:21"]
[TimeControl "2700+45"]

1. e4 e6 2. d3 d5 3. Nd2 c5 4. g3 Nf6 5. Bg2 Nc6 6. Ngf3 Be7 7. O-O O-O 8. a4 e5
9. exd5 Nxd5 10. Re1 f6 11. Nc4 Be6 12. Ne3 Qd7 13. Bd2 Rac8 14. h4 Nxe3 15.
Bxe3 Nd4 16. Nxd4 cxd4 17. Bd2 Bg4 18. f3 Be6 19. h5 Bd5 20. b3 Rc7 21. Kh2 Rfc8
22. Ra2 Be6 23. f4 Bg4 24. Qc1 Qe8 25. fxe5 Qxh5+ 26. Kg1 fxe5 27. b4 Be6 28.
Rb2 Bd6 29. Re4 Qg6 30. Be1 Bd5 31. Re2 Bxg2 32. Kxg2 Qxd3 33. cxd3 Rxc1 34. Bd2
R1c2 35. Be1 Rxb2 36. Rxb2 Kf7 37. Kf3 Ke6 38. Ke4 Rc1 39. Bf2 Ra1 40. a5 Rc1
41. b5 Rc8 42. a6 b6 43. Be1 h5 44. Bf2 g5 45. Be1 Rh8 46. Rh2 Be7 47. Rf2 h4
48. gxh4 gxh4 49. Rf5 Bf6 50. Bf2 h3 51. Bg3 h2 52. Bxh2 Rh4+ 53. Bf4 Rxf4+ 54.
Rxf4 exf4 55. Kxf4 Kd5 {White resigns} 0-1

[Event "Team 45 45 League T36"]
[Site "Internet Chess Club"]
[Date "2008.02.22"]
[Round "5"]
[White "aksuw"]
[Black "Miles295"]
[Result "1-0"]
[WhiteElo "2154"]
[BlackElo "2055"]
[Opening "English opening"]
[ECO "A05"]
[Time "13:37:49"]
[TimeControl "2700+45"]

1. Nf3 Nf6 2. c4 g6 3. Nc3 Bg7 4. e4 O-O 5. d4 c5 6. d5 d6 7. h3 e6 8. Bd3 exd5
9. cxd5 b5 10. Nxb5 Re8 11. Bg5 Ba6 12. Nc3 c4 13. Bc2 Qb6 14. O-O Qxb2 15. Rb1
Qxc3 16. Bd2 Nxe4 17. Bxc3 Nxc3 18. Qd2 Re2 19. Qf4 Rxc2 20. Qxd6 Nxb1 21. Rxb1
Bb2 22. Ng5 Rc1+ 23. Rxc1 Bxc1 24. Ne4 Bb2 25. Qc7 c3 26. Nxc3 Bxc3 27. Qxc3 Bb7
28. d6 Nc6 29. Qc5 Rd8 30. f4 Rd7 31. g4 f6 32. Qd5+ Kf8 33. Qe6 Rf7 34. d7 Kg7
35. Qxc6 Bxc6 36. d8=Q Rd7 37. Qa5 Rd1+ 38. Kf2 Rd7 39. Ke3 Re7+ 40. Kd4 g5 41.
fxg5 Re4+ 42. Kd3 {Black resigns} 1-0

[Event "Team 45 45 League T36"]
[Site "Internet Chess Club"]
[Date "2008.02.23"]
[Round "5"]
[White "Flying-Tiger"]
[Black "Speedy-Reedy"]
[Result "1-0"]
[WhiteElo "1997"]
[BlackElo "1956"]
[Opening "Pirc: classical system, 5.Be2"]
[ECO "B08"]
[Time "08:31:08"]
[TimeControl "2700+45"]

1. e4 d6 2. d4 Nf6 3. Nc3 g6 4. Nf3 Bg7 5. Be2 O-O 6. O-O c6 7. Re1 Nbd7 8. e5
dxe5 9. dxe5 Ng4 10. e6 fxe6 11. h3 Nge5 12. Nxe5 Nxe5 13. Qxd8 Rxd8 14. Bf4 Nf7
15. Rad1 Rxd1 16. Rxd1 Bxc3 17. bxc3 e5 18. Bc1 Be6 19. a3 Rd8 20. Re1 Bf5 21.
Bc4 Bxc2 22. Bg5 Kf8 23. Bxf7 Kxf7 24. Rxe5 Rd1+ 25. Kh2 e6 26. Re3 Rd5 27. Bh4
Ra5 28. c4 Rc5 29. Rc3 Be4 30. f3 g5 31. Bf2 Re5 32. fxe4 Rxe4 33. Bxa7 Kf6 34.
Rf3+ Kg7 35. c5 Ra4 36. Bb8 Rc4 37. Bd6 Ra4 38. Rb3 Kf6 39. Rxb7 e5 40. Rb4 Rxa3
41. Re4 Rd3 42. Rxe5 h6 43. Re8 Ra3 44. Rc8 Ra6 45. Bc7 Ke6 46. Bb6 Kd5 47. Rd8+
Kc4 48. Rh8 {Black resigns} 1-0

[Event "Team 45 45 League T36"]
[Site "Internet Chess Club"]
[Date "2008.02.23"]
[Round "5"]
[White "Wheels"]
[Black "Badu"]
[Result "1/2-1/2"]
[WhiteElo "1790"]
[BlackElo "1982"]
[Opening "Queen's pawn game"]
[ECO "D04"]
[Time "09:07:52"]
[TimeControl "2700+45"]

1. d4 d5 2. Nf3 Nf6 3. e3 Bg4 4. Nbd2 e6 5. h3 Bh5 6. Be2 Nbd7 7. c3 Bd6 8. O-O
O-O 9. c4 c6 10. b3 Ne4 11. Nxe4 dxe4 12. Nd2 Bxe2 13. Qxe2 f5 14. Bb2 Qh4 15.
c5 Bc7 16. Nc4 Rad8 17. b4 g5 18. Ne5 Nxe5 19. dxe5 Rd7 20. Rad1 Rfd8 21. Rxd7
Rxd7 22. b5 Rd3 23. Rd1 cxb5 24. Rxd3 exd3 25. Qxd3 Qe4 {Game drawn by mutual
agreement} 1/2-1/2

A forfeit win is awarded to Traho (black).

[Event "Team 45 45 League T36"]
[Site "Internet Chess Club"]
[Date "2008.02.23"]
[Round "5"]
[White "wekabird"]
[Black "reverendjim"]
[Result "0-1"]
[WhiteElo "1260"]
[BlackElo "1230"]
[Opening "English: Caro-Kann defensive system"]
[ECO "A11"]
[Time "23:04:42"]
[TimeControl "2700+45"]

1. c4 c6 2. Nc3 d5 3. cxd5 cxd5 4. d4 Nf6 5. h3 Bf5 6. e3 e6 7. a3 Nbd7 8. Nf3
Be7 9. Bb5 O-O 10. Bxd7 Nxd7 11. O-O a6 12. Re1 Nf6 13. Nh4 Ne4 14. Nxf5 exf5
15. f3 Bh4 16. fxe4 Bxe1 17. Qxe1 fxe4 18. Ne2 g5 19. Bd2 h5 20. Bb4 Re8 21. Ng3
Qd7 22. Qf2 g4 23. hxg4 Qxg4 24. Qf4 Kg7 25. Nf5+ Kg6 26. Nh4+ Kg7 27. Rf1 Qxf4
28. Rxf4 Re6 29. Nf5+ Kg6 30. Bd6 Rc8 31. Be5 Rc1+ 32. Kh2 f6 33. Bd6 Rc2 34.
Ne7+ Kg7 35. Bb4 Re2 36. Nxd5 Rxb2 37. Rf5 Kg6 38. Ne7+ Rxe7 39. Rd5 Rc7 40. Rc5
Rc6 41. d5 Rxc5 42. Bxc5 Rb5 43. Bd6 Rxd5 44. Bf4 Rd3 45. Kg3 Rxa3 46. Kf2 b5
47. g3 Rd3 48. Ke2 b4 49. Bc7 b3 50. Bb6 b2 51. Ba5 b1=Q 52. Kf2 Qa2+ {White
resigns} 0-1

[Event "Team 45 45 League T36"]
[Site "Internet Chess Club"]
[Date "2008.02.23"]
[Round "5"]
[White "Tom6"]
[Black "WilmaP"]
[Result "1/2-1/2"]
[WhiteElo "1162"]
[BlackElo "1182"]
[Opening "Queen's gambit declined"]
[ECO "D30"]
[Time "14:02:46"]
[TimeControl "2700+45"]

1. d4 d5 2. c4 e6 3. Nf3 c6 4. Bf4 Nd7 5. e3 Ngf6 6. Be2 Qb6 7. Qc2 Bb4+ 8. Nc3
Ne4 9. O-O Nef6 10. c5 Qd8 11. Bd6 b6 12. e4 bxc5 13. dxc5 Bxc5 14. e5 Bxd6 15.
exd6 O-O 16. Bd3 Nc5 17. Ng5 Nxd3 18. Qxd3 g6 19. Rac1 Qxd6 20. Rfe1 c5 21. Qf3
Qd8 22. h4 Rb8 23. Na4 c4 24. Qe3 Bd7 25. Qxa7 Bxa4 26. Qxa4 Rxb2 27. Rc2 Rxc2
28. Qxc2 Qa5 29. Rb1 Qc5 30. Qe2 h6 31. Nh3 Ne4 32. Rb7 Ng3 33. Qf3 Ne4 34. Nf4
Nd2 35. Qe2 c3 36. Rb5 Qd6 37. Nd3 Rb8 38. a4 Rxb5 39. axb5 Qb6 40. Nc1 Qa5 41.
Qd3 Qa1 42. Qc2 d4 43. Kh2 Qa5 44. Qd3 e5 45. f3 Kg7 46. g4 Qc7 47. Kg2 Qb7 48.
Ne2 e4 49. fxe4 Nxe4 50. Qxd4+ f6 51. Kh3 c2 52. Qc4 Nf2+ 53. Kg3 Nh1+ 54. Kh2
Nf2 55. g5 Qb8+ 56. Kg2 Qb6 57. Nd4 c1=Q 58. Qxc1 Qxd4 59. Qc7+ Kf8 60. gxh6
Qg4+ 61. Kxf2 Qxh4+ 62. Kf3 Qxh6 63. Qd6+ Ke8 64. Qe6+ Kd8 65. b6 Qh5+ 66. Ke3
Qg5+ 67. Ke4 Qh4+ 68. Kd5 Qh1+ 69. Kd6 Qd1+ 70. Kc6 Qc2+ 71. Kb7 Qg2+ 72. Kb8
Qg3+ 73. Kb7 Qf3+ 74. Kb8 Qf4+ 75. Kb7 Qf3+ 76. Kb8 Qf4+ 77. Ka8 Qa4+ 78. Kb7 g5
79. Qxf6+ Kd7 80. Qg7+ Kd6 81. Qxg5 Qc6+ 82. Ka7 Qa4+ 83. Kb7 Qc6+ 84. Ka7 Qa4+
85. Kb7 Qc6+ 86. Ka6 Qa4+ 87. Kb7 Qc6+ 88. Ka6 {Game drawn by mutual agreement}
1/2-1/2

[Event "Team 45 45 League T36"]
[Site "Internet Chess Club"]
[Date "2008.02.22"]
[Round "5"]
[White "merecat"]
[Black "houseofcook"]
[Result "1-0"]
[WhiteElo "1412"]
[BlackElo "1402"]
[Opening "Queen's pawn game, Darooha variation "]
[ECO "D02"]
[Time "13:58:21"]
[TimeControl "2700+45"]

1. d4 d5 2. Nf3 Nf6 3. Nbd2 c5 4. c3 h6 5. e3 Bf5 6. b3 e6 7. Bb2 Nc6 8. Bb5 a6
9. Be2 Bd6 10. dxc5 Bxc5 11. b4 Bd6 12. a3 O-O 13. O-O b5 14. Rc1 Rc8 15. Nd4
Be7 16. N2f3 Bh7 17. a4 Nxd4 18. Nxd4 e5 19. Nf3 e4 20. Nd4 a5 21. axb5 axb4 22.
Nc6 Rxc6 23. bxc6 Qc7 24. cxb4 Bxb4 25. Bxf6 gxf6 26. Qb3 Bd6 27. g3 Rd8 28.
Rfd1 Rb8 29. Qxd5 Rb2 30. Qxd6 Qxd6 31. Rxd6 Rxe2 32. Rxf6 Kg7 33. Rf4 {Black
resigns} 1-0

[Event "Team 45 45 League T36"]
[Site "Internet Chess Club"]
[Date "2008.02.25"]
[Round "5"]
[White "Rubacchus"]
[Black "katabatico"]
[Result "1/2-1/2"]
[WhiteElo "1365"]
[BlackElo "1386"]
[Opening "KGA: bishop's gambit"]
[ECO "C33"]
[Time "14:01:20"]
[TimeControl "2700+45"]

1. e4 e5 2. f4 exf4 3. Bc4 Qe7 4. Nc3 c6 5. Nf3 d5 6. Bb3 dxe4 7. Nxe4 Qxe4+ 8.
Qe2 Qxe2+ 9. Kxe2 Be6 10. Bxe6 fxe6 11. d4 Bd6 12. Ne5 g5 13. h4 Be7 14. hxg5
Bxg5 15. Ng6 hxg6 16. Rxh8 Kf8 17. Kf3 Kg7 18. Rh1 Nd7 19. Bxf4 Rf8 20. g3 e5
21. dxe5 Nxe5+ 22. Ke4 Bf6 23. Bxe5 Re8 24. Rad1 Rxe5+ 25. Kf3 Rf5+ 26. Kg2 Rd5
27. Rxd5 cxd5 28. b4 b5 29. Kf3 Ne7 30. g4 g5 31. Re1 Kf7 32. Re3 Nc6 33. c3 d4
34. cxd4 Nxd4+ 35. Ke4 Nc6 36. Rd3 Ne5 37. Ra3 Nc6 38. Ra6 Nxb4 39. Rxa7+ Ke6
40. Ra5 Be5 41. Rxb5 {Game drawn by mutual agreement} 1/2-1/2

[Event "Team 45 45 League T36"]
[Site "Internet Chess Club"]
[Date "2008.02.24"]
[Round "5"]
[White "rkrush"]
[Black "rshea11"]
[Result "0-1"]
[WhiteElo "1212"]
[BlackElo "1330"]
[Opening "Hungarian defense"]
[ECO "C50"]
[Time "19:58:44"]
[TimeControl "2700+45"]

1. e4 e5 2. Nf3 Nc6 3. Bc4 Be7 4. O-O Nf6 5. d3 O-O 6. Nc3 d6 7. h3 b6 8. Nd5
Bb7 9. Nxe7+ Nxe7 10. Bg5 Nh5 11. Re1 h6 12. Bh4 d5 13. Bxe7 Qxe7 14. Bxd5 Bxd5
15. exd5 f6 16. Nxe5 fxe5 17. Qxh5 Qf6 18. Re2 e4 19. dxe4 Qxb2 20. Rae1 Qxa2
21. Qe5 Qc4 22. Qe6+ Kh8 23. Qc6 Qxc6 24. dxc6 a5 25. e5 Rfe8 26. f4 Re6 27. f5
Rxc6 28. e6 Re8 29. g4 a4 30. e7 Kg8 31. Ra1 b5 32. h4 Kf7 33. g5 Rxe7 34. g6+
Kf6 35. Rxe7 Kxe7 36. Re1+ Kf6 37. Re8 Kxf5 38. Rb8 Rxg6+ 39. Kf2 c6 40. Rf8+
Rf6 41. Re8 Kg4+ 42. Ke3 a3 43. Re4+ Kg3 44. Kd2 a2 45. Re1 Rd6+ 46. Kc3 Kxh4
47. Ra1 g5 48. Rxa2 g4 49. Ra4 bxa4 50. Kb4 g3 51. Kxa4 g2 52. c4 g1=Q 53. Ka5
Qa7+ 54. Kb4 c5+ 55. Kc3 Qa3+ 56. Kc2 Qd3+ {White resigns} 0-1

[Event "Team 45 45 League T36"]
[Site "Internet Chess Club"]
[Date "2008.02.23"]
[Round "5"]
[White "conron"]
[Black "smcintyr11"]
[Result "0-1"]
[WhiteElo "1292"]
[BlackElo "1240"]
[Opening "French: Winawer, advance variation"]
[ECO "C17"]
[Time "12:56:42"]
[TimeControl "2700+45"]

1. e4 e6 2. d4 d5 3. Nc3 Bb4 4. e5 c5 5. Bb5+ Nc6 6. a3 Bxc3+ 7. bxc3 Bd7 8. Nf3
Qb6 9. Ba4 Qa5 10. Bxc6 Bxc6 11. Bd2 Ne7 12. O-O O-O 13. c4 Qc7 14. cxd5 Bxd5
15. c3 Rac8 16. Re1 Rfd8 17. Bg5 h6 18. Bh4 g5 19. Bxg5 Bxf3 20. Qxf3 hxg5 21.
Qf6 cxd4 22. Qxg5+ Kh7 23. Re4 Ng6 24. cxd4 Qe7 25. Rh4+ Kg8 26. Rg4 Qxg5 27.
Rxg5 Rxd4 28. g3 Rcd8 29. h4 Kh7 30. Rc1 Rd1+ 31. Rxd1 Rxd1+ 32. Kg2 Ra1 33. h5
Ne7 34. g4 Kh6 35. f4 Rxa3 36. Kf2 Rc3 37. Ke2 a5 38. Kd2 Rb3 39. Kc2 Rf3 40. f5
Kxg5 41. fxe6 fxe6 {White resigns} 0-1

[Event "Team 45 45 League T36"]
[Site "Internet Chess Club"]
[Date "2008.02.21"]
[Round "5"]
[White "fuzzface"]
[Black "strudel"]
[Result "1-0"]
[WhiteElo "1306"]
[BlackElo "1431"]
[Opening "Queen's pawn game"]
[ECO "D00"]
[Time "14:49:31"]
[TimeControl "2700+45"]

1. d4 d5 2. g3 Bf5 3. Bg2 Nc6 4. c3 Nf6 5. Bg5 Ne4 6. Bf4 Qd7 7. Nd2 Nxd2 8.
Qxd2 e6 9. Nf3 Bd6 10. Bxd6 Qxd6 11. O-O O-O 12. Nh4 Ne7 13. Nxf5 Nxf5 14. e4
dxe4 15. Bxe4 Rab8 16. Qd3 g6 17. d5 Ne7 18. dxe6 Qxe6 19. Rfe1 Qc8 20. Bxb7
Qxb7 21. Rxe7 Qxb2 22. Rae1 Qxa2 23. Rxc7 Ra8 24. Qf3 a5 25. Ree7 Rab8 26. c4
Qa1+ 27. Kg2 Qg7 28. Qf4 Ra8 29. Ra7 Rxa7 30. Rxa7 Qc3 31. Qc7 Qe5 32. Qxe5
{Black resigns} 1-0

[Event "Team 45 45 League T36"]
[Site "Internet Chess Club"]
[Date "2008.02.21"]
[Round "5"]
[White "betto2506"]
[Black "klt713"]
[Result "1-0"]
[WhiteElo "1307"]
[BlackElo "1176"]
[Opening "Scotch game"]
[ECO "C45"]
[Time "10:00:17"]
[TimeControl "2700+45"]

1. e4 e5 2. Nf3 Nc6 3. d4 exd4 4. Nxd4 Nxd4 5. Qxd4 Nf6 6. e5 Qe7 7. Be3 Qb4+ 8.
Qxb4 Bxb4+ 9. c3 Nd5 10. cxb4 Nxb4 11. Na3 O-O 12. Bc5 Re8 13. Bxb4 Rxe5+ 14.
Be2 d6 15. Bc3 Re7 16. Nc4 b6 17. Ne3 Bb7 18. O-O Rae8 19. Bc4 Rd8 20. Nf5 Ree8
21. Nxg7 Re4 22. Bd3 Rg4 23. f3 Rf4 24. Nf5 Ba6 25. Nh6+ Kf8 26. Bxa6 d5 27. Be5
Ra4 28. Bxc7 Rxa6 29. Bxd8 b5 30. Rfd1 Rxh6 31. Rxd5 a6 32. Ba5 Re6 33. Kf2 f6
34. Re1 Rxe1 35. Kxe1 Kf7 36. Ke2 Kg6 37. Ke3 h6 38. a3 h5 39. Kf4 Kh6 40. Kf5
h4 41. Kxf6 h3 42. gxh3 Kh7 43. Rh5+ Kg8 44. b4 Kf8 45. Rh8# {Black checkmated}
1-0

[Event "Team 45 45 League T36"]
[Site "Internet Chess Club"]
[Date "2008.02.21"]
[Round "5"]
[White "ffplayer"]
[Black "N20863"]
[Result "0-1"]
[WhiteElo "1154"]
[BlackElo "1317"]
[Opening "Sicilian defense"]
[ECO "B30"]
[Time "15:59:07"]
[TimeControl "2700+45"]

1. e4 c5 2. Nf3 Nc6 3. c3 d5 4. e5 Bg4 5. d4 cxd4 6. cxd4 e6 7. Nbd2 Nxd4 8. Be2
Nxe2 9. Qxe2 Ne7 10. O-O Nc6 11. a3 Nd4 12. b4 Nxe2+ 13. Kh1 Bxf3 {White
resigns} 0-1

[Event "Team 45 45 League T36"]
[Site "Internet Chess Club"]
[Date "2008.02.20"]
[Round "5"]
[White "kjs110"]
[Black "WCB"]
[Result "0-1"]
[WhiteElo "945"]
[BlackElo "1140"]
[Opening "Konstantinopolsky opening"]
[ECO "C44"]
[Time "19:59:30"]
[TimeControl "2700+45"]

1. e4 e5 2. Nf3 Nc6 3. g3 Nf6 4. d3 Bc5 5. Be3 Bxe3 6. fxe3 O-O 7. Bg2 b6 8. O-O
Ng4 9. Re1 d6 10. Nc3 Bb7 11. Bh3 Nf6 12. d4 Nb4 13. a3 Na6 14. d5 Nc5 15. Nd2
Bc8 16. Bg2 Bg4 17. Bf3 Bh3 18. b4 Na6 19. Be2 Qc8 20. Nf3 Bg4 21. Ng5 Bxe2 22.
Qxe2 c5 23. bxc5 Qxc5 24. Na4 Qc8 25. Rac1 Rb8 26. Nb2 Nc5 27. Qf3 h6 28. Nh3
Qxh3 29. Nc4 Ncxe4 30. Qf1 Qxf1+ 31. Rxf1 Rbc8 {White resigns} 0-1

[Event "Team 45 45 League T36"]
[Site "Internet Chess Club"]
[Date "2008.02.21"]
[Round "5"]
[White "curtintime"]
[Black "dondel"]
[Result "0-1"]
[WhiteElo "1375"]
[BlackElo "1478"]
[Opening "Sicilian: Anderssen variation"]
[ECO "B41"]
[Time "20:03:09"]
[TimeControl "2700+45"]

1. e4 c5 2. Nf3 e6 3. d4 cxd4 4. Nxd4 Nf6 5. e5 Qa5+ 6. Nc3 Qxe5+ 7. Be2 Bb4 8.
Qd3 Nc6 9. Nf3 Qc5 10. O-O Bxc3 11. Be3 Nb4 12. Bxc5 Nxd3 13. Bxd3 Bxb2 14. Rab1
Bc3 15. Rb3 Nd5 16. Bc4 Ba5 17. Bxd5 exd5 18. Re3+ Kd8 19. Be7+ Kc7 20. Rd1 b6
21. Rxd5 Bb7 22. Rd4 Bxf3 23. Rxf3 f6 24. Rfd3 Rhc8 25. Rxd7+ Kc6 26. R7d6+ Kb5
27. Rb3+ Kc4 28. Rdd3 Re8 29. Re3 Bd2 30. Re4+ Kd5 31. f3 Kc6 32. Rd3 Bf4 33. g3
Be5 34. Ba3 a5 35. f4 Ba1 36. Rde3 Bd4 37. Rxd4 Rxe3 38. Kf2 Rxa3 {White
resigns} 0-1

[Event "Team 45 45 League T36"]
[Site "Internet Chess Club"]
[Date "2008.02.20"]
[Round "5"]
[White "Skyler"]
[Black "Prop"]
[Result "0-1"]
[WhiteElo "1132"]
[BlackElo "1298"]
[Opening "Queen's pawn, Mason variation"]
[ECO "D00"]
[Time "20:06:43"]
[TimeControl "2700+45"]

1. d4 d5 2. Bf4 e6 3. e3 c5 4. c3 Nc6 5. Nd2 Nf6 6. Bd3 Bd6 7. Bg3 O-O 8. f4 c4
9. Bc2 b5 10. a3 Bb7 11. Ngf3 a5 12. Ne5 Qc7 13. Qe2 Ne4 14. O-O-O Nxg3 15. hxg3
g6 16. Qg4 Nxe5 17. fxe5 f5 18. exf6 Rxf6 19. Qg5 Qg7 20. e4 Be7 21. e5 Rf2 22.
Qe3 Raf8 23. Rdf1 Rxg2 24. Nf3 Rxg3 25. Bd1 Bg5 26. Qxg5 Rxg5 27. Nxg5 Rxf1 28.
Rxf1 Qh6 29. Rg1 Qh2 30. Nf3 Qf4+ 31. Kc2 Qf5+ 32. Kc1 h5 33. Rf1 g5 34. Nh2 Qg6
35. Rf6 Qg7 36. Bxh5 Qh7 37. Bf7+ Kh8 38. Ng4 Qh1+ 39. Kc2 Qg2+ 40. Nf2 Qh2 41.
Kb1 Qh4 42. Nd1 g4 43. Rg6 g3 44. Ne3 Qh1+ 45. Ka2 Qf3 46. Be8 Qxe3 47. Rh6+ Kg7
48. Rg6+ Kf8 49. Bxb5 Qg1 50. Rxe6 Qh2 51. Rf6+ Ke7 52. a4 g2 53. Rg6 g1=Q 54.
Rxg1 Qxg1 55. b3 cxb3+ 56. Kxb3 Qb1+ 57. Ka3 Qc2 58. Bf1 Qxc3+ 59. Ka2 Qxd4 60.
Ka3 Qxe5 61. Ka2 d4 62. Ka3 Qe3+ 63. Ka2 d3 64. Bxd3 Qxd3 65. Kb2 Qc4 66. Ka3
Bc6 67. Kb2 Qxa4 68. Kb1 Qa3 69. Kc2 Be4+ 70. Kd1 Qb2 71. Ke1 a4 72. Kd1 a3 73.
Ke1 a2 74. Kf1 a1=Q# {White checkmated} 0-1

[Event "Team 45 45 League T36"]
[Site "Internet Chess Club"]
[Date "2008.02.23"]
[Round "5"]
[White "ckak0202"]
[Black "Duck-Man"]
[Result "0-1"]
[WhiteElo "1231"]
[BlackElo "1272"]
[Opening "King's pawn game"]
[ECO "C50"]
[Time "21:40:24"]
[TimeControl "2700+45"]

1. e4 e5 2. Nf3 Nc6 3. Bc4 d6 4. d3 Be7 5. Nc3 Nf6 6. Be3 O-O 7. Qd2 Be6 8. Bxe6
fxe6 9. h4 d5 10. exd5 exd5 11. d4 Bb4 12. Ng5 Qd7 13. h5 exd4 14. Bxd4 Rae8+
15. Kf1 Qg4 16. Bxf6 Rxf6 17. Qxd5+ Rfe6 18. Nxe6 Rxe6 19. Re1 Nd4 20. Qd8+ Kf7
21. Qxc7+ Re7 22. Qc4+ Re6 23. Qxb4 Rxe1+ 24. Kxe1 Nxc2+ 25. Kf1 Nxb4 26. g3
Qc4+ 27. Kg2 Qc6+ 28. Kg1 Nd5 29. Ne4 Qc1+ 30. Kh2 Qxb2 31. Ng5+ Ke7 32. Ne4 Nc3
33. Re1 Nxe4 34. Rxe4+ Kd7 35. g4 Qxf2+ 36. Kh3 Qf3+ 37. Kh4 Qxe4 38. Kg5 Qe7+
39. Kf5 Qf6+ 40. Ke4 Qg5 {White resigns} 0-1

[Event "Team 45 45 League T36"]
[Site "Internet Chess Club"]
[Date "2008.02.22"]
[Round "5"]
[White "DannyZil"]
[Black "JustinZ"]
[Result "1-0"]
[WhiteElo "1182"]
[BlackElo "1234"]
[Opening "Four knights: Italian variation"]
[ECO "C55"]
[Time "20:58:13"]
[TimeControl "2700+45"]

1. e4 e5 2. Nf3 Nc6 3. Bc4 Nf6 4. Nc3 Nxe4 5. Nxe4 d5 6. Bd3 dxe4 7. Bxe4 Nb4 8.
O-O Bg4 9. Re1 c6 10. h3 f5 11. hxg4 fxe4 12. Rxe4 Qf6 13. Rxe5+ Be7 14. Qe2
Nxc2 15. Rb1 c5 16. d3 Nd4 17. Nxd4 cxd4 18. Bg5 Qf7 19. Rxe7+ {Black resigns}
1-0

[Event "Team 45 45 League T36"]
[Site "Internet Chess Club"]
[Date "2008.02.22"]
[Round "5"]
[White "Avedldesierto"]
[Black "vollmerj"]
[Result "1-0"]
[WhiteElo "1842"]
[BlackElo "1649"]
[Opening "Alekhine's defense"]
[ECO "B02"]
[Time "18:10:40"]
[TimeControl "2700+45"]

1. e4 Nf6 2. e5 Nd5 3. c4 Nb6 4. Nc3 d6 5. exd6 cxd6 6. d4 Nc6 7. d5 Ne5 8. f4
Bg4 9. Qd4 Ned7 10. h3 e5 11. fxe5 Qh4+ 12. Qf2 Qxf2+ 13. Kxf2 Bf5 14. Nb5 O-O-O
15. Nxd6+ Bxd6 16. exd6 Ne5 17. Bf4 f6 18. b3 g5 19. Be3 h5 20. Nf3 Nxf3 21.
gxf3 g4 22. hxg4 hxg4 23. Rxh8 Rxh8 24. fxg4 Bxg4 25. Bd4 Rf8 26. Bg2 f5 27. b4
Nxc4 28. Rc1 b5 29. Bxa7 Kd7 30. Rh1 Re8 31. Bc5 Nxd6 32. Rh7+ Re7 33. Rxe7+
Kxe7 34. Bf1 Kd7 35. Bxd6 Kxd6 36. Bxb5 Kxd5 37. Ke3 Bd1 38. a4 Kd6 39. a5 Bc2
40. Bd3 f4+ 41. Kd2 Bb3 42. Be4 Bc4 43. Kc3 Bb5 44. Kd4 Ba6 45. Bf3 Ke6 46. Ke4
Kd6 47. Kxf4 Bb5 48. Ke3 Ke5 49. Be4 Kd6 50. Kd4 Ba6 51. Bd3 Bb7 52. Bc4 Kc7 53.
Kc5 Ba8 54. Bd5 Bb7 55. Bxb7 Kxb7 56. b5 Ka7 57. Kc6 Kb8 58. b6 Kc8 59. a6 Kb8
60. b7 Ka7 61. Kc7 Kxa6 62. b8=Q Ka5 63. Qb3 {Black resigns} 1-0